 Dungeon Crawl Stone Soup version 0.19.1-1-g22dce08 (webtiles) character file.

91 Mefis the Magician (level 4, -2/24 HPs)
             Began as a Deep Elf Wizard on Jan 20, 2017.
             Slain by a centaur (5 damage)
             ... on level 3 of the Dungeon.
             The game lasted 00:03:53 (2402 turns).

Mefis the Magician (Deep Elf Wizard)                Turns: 2402, Time: 00:03:54

Health: -2/24      AC:  4    Str:  4    XL:     4   Next: 34%
Magic:  0/13       EV: 13    Int: 24    God:
Gold:   128        SH:  2    Dex: 13    Spells: 6 memorised, 0 levels left

rFire  . . .     SeeInvis .     f - +0 dagger
rCold  . . .     Gourm    .     r - +1 robe {rN+}
rNeg   + . .     Faith    .     (no shield)
rPois  .         Spirit   .     l - +0 helmet
rElec  .         Reflect  +     (no cloak)
rCorr  .         Harm     .     (no gloves)
MR     .....                    (no boots)
Stlth  ++........               g - +2 amulet of reflection
                                (no ring)
                                (no ring)

@: no status effects
A: no striking features
a: no special abilities


You were on level 3 of the Dungeon.
You were not hungry.

You visited 1 branch of the dungeon, and saw 3 of its levels.

You collected 128 gold pieces.

Inventory:

Hand Weapons
 f - a +0 dagger (weapon)
Missiles
 p - 9 poisoned needles
 u - 7 javelins of penetration (quivered)
Armour
 a - a +0 robe
 b - a +0 hat
 l - a +0 helmet (worn)
 r - a +1 robe of positive energy (worn)
Jewellery
 g - a +2 amulet of reflection (around neck)
Scrolls
 e - a scroll of fear {unknown}
 h - a scroll of enchant armour {unknown}
 k - a scroll of blinking {unknown}
 m - 3 scrolls of amnesia {unknown}
 n - a scroll of teleportation {unknown}
 q - a scroll of remove curse {unknown}
 s - a scroll of immolation {unknown}
 t - a scroll of identify {unknown}
Potions
 i - 2 potions of ambrosia {unknown}
 o - a potion of curing {unknown}
Books
 c - a book of Minor Magic

   Spells                             Type                      Level
   a - Magic Dart                     Conjuration                  1
   b - Blink                          Translocation                2
   c - Call Imp                       Summoning                    2
   d - Repel Missiles                 Charms/Air                   2
   e - Slow                           Hexes                        2
   f - Conjure Flame                  Conjuration/Fire             3
   g - Mephitic Cloud                 Conjuration/Poison/Air       3
Comestibles
 d - 2 bread rations
 j - a meat ration


   Skills:
 + Level 3.2 Dodging
 + Level 2.9 Stealth
 * Level 5.4 Spellcasting
 + Level 2.2 Conjurations
 - Level 1.1 Summonings
 - Level 1.1 Translocations
 + Level 1.1 Air Magic
 + Level 0.9 Poison Magic


You couldn't memorise any spells.
You knew the following spells:

 Your Spells              Type           Power        Failure   Level  Hunger
a - Magic Dart            Conj           ###.         3%          1    None
b - Call Imp              Summ           ##......     12%         2    None
c - Blink                 Tloc           N/A          12%         2    None
d - Repel Missiles        Chrm/Air       #.....       12%         2    None
e - Mephitic Cloud        Conj/Pois/Air  ##......     17%         3    #......
f - Conjure Flame         Conj/Fire      ##......     21%         3    #......


Dungeon Overview and Level Annotations

Branches:
Dungeon (3/15)

Altars:
Hepliaklqana
Trog
The Shining One


Message History

You don't have enough magic to cast that spell.
You are too injured to fight recklessly!
You hit the centaur but do no damage.
The centaur is severely wounded.
The centaur hits you.
* * * LOW HITPOINT WARNING * * *
The centaur hits you but does no damage.
You aren't carrying any items that you can evoke.
Casting: Magic Dart
Confirm with . or Enter, or press ? or * to list all spells.
Aiming: Magic Dart
Press: ? - help, Shift-Dir - straight line, f/p - centaur
Aim: a centaur (severely wounded)
The magic dart hits the centaur.
The centaur is severely wounded.
The centaur completely misses you.
You hit the centaur but do no damage.
The centaur is severely wounded.
The centaur barely misses you. The centaur hits you.
You die...

..)....#......#.......#..##
. #............_........ #
#..#..#..#.......#.###
#.#..#..##.#.......#†# #
#.......##.##.....##.# #
#......###.####.####.# #
#.........).......†...# #
........c......(.####### #
.##.......@....#...## #
#...###.().(..#.#.#######
#......).((..##.......(..
.........####.###.#######
....#$##.# ##.#.## ##...
..# ##.## ### #### ###


You could see a centaur.

Vanquished Creatures
  3 adders
  An ooze (D:1)
  3 dart slugs
  2 leopard geckos
  8 bats
  5 giant cockroaches
  4 goblins (D:1)
  9 hobgoblins
  3 quokkas
  2 frilled lizards
  5 kobolds
  2 rats (D:1)
47 creatures vanquished.

Notes
Turn   | Place    | Note
-------+----------+-------------------------------------------
     0 | D:1      | Mefis the Deep Elf Wizard began the quest for the Orb.
     0 | D:1      | Reached XP level 1. HP: 10/10 MP: 7/7
   248 | D:1      | Reached XP level 2. HP: 15/15 MP: 7/9
   262 | D:1      | Learned a level 2 spell: Call Imp
   265 | D:1      | Learned a level 2 spell: Blink
   268 | D:1      | Learned a level 2 spell: Repel Missiles
   679 | D:1      | Reached skill level 5 in Spellcasting
   939 | D:1      | Reached XP level 3. HP: 19/19 MP: 9/11
   944 | D:1      | Learned a level 3 spell: Mephitic Cloud
  1515 | D:2      | Reached skill level 1 in Air Magic
  1806 | D:2      | Reached XP level 4. HP: 24/24 MP: 5/13
  1886 | D:2      | Learned a level 3 spell: Conjure Flame
  2016 | D:2      | Found a glowing golden altar of the Shining One.
  2016 | D:2      | Found a bloodstained altar of Trog.
  2069 | D:3      | Found a hazy altar of Hepliaklqana.
  2222 | D:3      | Noticed a centaur
  2402 | D:3      | Slain by a centaur

Skill      XL: |  1  2  3 |
---------------+----------+-----
Spellcasting   | 5 |  5.4
Dodging        | 3 |  3.2
Air Magic      | 1 |  1.1
Conjurations   | 2 |  2.2
Stealth        | |  2.9
Summonings     | |  1.1
Translocations | |  1.1
Poison Magic   | |  0.9

Action                   |  1- 3 |  4- 6 || total
-------------------------+-------+-------++-------
Melee: Dagger            |     6 |     2 ||     8
 Cast: Magic Dart        |    87 |    39 ||   126
       Repel Missiles    |     1 |       ||     1
       Mephitic Cloud    |       |     2 ||     2
 Stab: Sleeping          |     4 |       ||     4
  Eat: Chunk             |     2 |     2 ||     4
Armor: Robe              |     1 |     4 ||     5
Dodge: Dodged            |     9 |    12 ||    21
       Deflected         |     1 |     1 ||     2
Block: Other             |     2 |       ||     2
